 Dungeon Crawl Stone Soup version 0.29.1-12-g30fa7ad0bf (webtiles) character file.

Game seed: 7433520392666829906

17 FexLirch the Digger (level 3, -4/39 HPs)
             Began as a Meteoran Earth Elementalist on Jan 3, 2023.
             Splashed by a jelly's acid (7 damage)
             ... on level 2 of the Dungeon.
             The game lasted 00:02:09 (302 turns).

FexLirch the Digger (Meteoran Earth Elementalist)    Turns: 302, Time: 00:02:09

Health: -4/39      AC: 17    Str: 10    XL:     3   Next: 2%
Magic:  2/8        EV:  2    Int: 18    God:
Gold:   74         SH:  0    Dex: 14    Spells: 5/8 levels left

rFire   . . .      SeeInvis .   h - +0 whip
rCold   . . .      Faith    .   (no shield)
rNeg    . . .      Spirit   .   (body armour currently unavailable)
rPois   +          Reflect  .   (helmet currently unavailable)
rElec   .          Harm     .   (cloak currently unavailable)
rCorr   .          Rampage  .   (gloves currently unavailable)
Will    .....      NoTele   +   (boots currently unavailable)
Stlth   +.........              (no amulet)
HPRegen 0.13/turn               (no ring)
MPRegen 0.11/turn               (no ring)

@: tree-form, corroded, very slightly contaminated, glowing
A: stationary, stasis, torment immunity, boosted hp, sense surroundings 1,
otherworldly, glowing, explore regen
a: no special abilities


You were on level 2 of the Dungeon.
You were a tree.
You visited 1 branch of the dungeon, and saw 2 of its levels.

You collected 74 gold pieces.

Inventory:

Hand Weapons
 e - a +0 dagger
 h - a +0 whip (weapon)
Missiles
 d - 4 atropa-tipped darts
Armour
 a - a +0 robe (melded)
Jewellery
 j - a +6 ring of strength
Scrolls
 c - 2 scrolls of fear {unknown}
 f - a scroll of noise {unknown}
 i - a scroll of identify {unknown}
Potions
 g - a potion of lignification


   Skills:
 - Level 2.4 Dodging
 - Level 1.4 Stealth
 + Level 3.1 Spellcasting
 + Level 1.3 Conjurations
 - Level 1.2 Transmutations
 + Level 4.0 Earth Magic


You had 5 spell levels left.
You knew the following spells:

 Your Spells              Type           Power      Damage    Failure   Level
a - Sandblast             Erth           34%        2d9       3%          1
b - Passwall              Tmut/Erth      10%        N/A       9%          2

Your spell library contained the following spells:

 Spells                   Type           Power      Damage    Failure   Level
 Stone Arrow              Conj/Erth      24%        3d8       16%         3
 Petrify                  Tmut/Erth      12%        N/A       47%         4


Dungeon Overview and Level Annotations

Branches:
Dungeon (2/15) Zot: 888

Altars:


Innate Abilities, Weirdness & Mutations

You are a tree.
Your roots penetrate the ground, keeping you stationary.
You cannot be teleported.
You are immune to unholy pain and torment.
Your maximum health is greatly increased.
Your equipment is partially melded.
You passively map a small area around you.
You are easily found by Zot.
You glow in the dark.
You regain HP and MP as you explore.


Message History

The worm is almost dead.
* * * LOW HITPOINT WARNING * * *
You feel sick.
You are no longer poisoned.
The worm bites you but does no damage.
Casting: Sandblast (safe; 3% risk of failure)
Confirm with . or Enter, or press ? or * to list all spells.
Aiming: Sandblast (safe; 3% risk of failure)
Press: ? - help, Shift-Dir - straight line, f - jelly, p - worm
Aim: a jelly (moderately wounded, 100% to hit)
The blast of sand hits the worm.
You kill the worm!
You have reached level 3!
Your experience leads to an increase in your attributes!
Increase (S)trength, (I)ntelligence, or (D)exterity?
You feel clever. x2; You feel stronger.
Casting: Sandblast (safe; 3% risk of failure)
Confirm with . or Enter, or press ? or * to list all spells.
Okay, then.
Unknown command.
Unknown command.
Casting: Sandblast (safe; 3% risk of failure)
Confirm with . or Enter, or press ? or * to list all spells.
Aiming: Sandblast (safe; 3% risk of failure)
Press: ? - help, Shift-Dir - straight line, f/p - jelly
Aim: a jelly (moderately wounded, 100% to hit)
The blast of sand hits the jelly!
The jelly is almost dead.
The jelly hits you but does no damage. x2
Casting: Sandblast (safe; 3% risk of failure)
Confirm with . or Enter, or press ? or * to list all spells.
Aiming: Sandblast (safe; 3% risk of failure)
Press: ? - help, Shift-Dir - straight line, f/p - jelly
Aim: a jelly (almost dead, 100% to hit)
You miscast Sandblast.
You are very lightly contaminated with residual magic.
Nothing appears to happen.
The jelly hits you.
* * * LOW HITPOINT WARNING * * *
The acid corrodes you!
You are splashed with acid!
You die...

, ,.#####..###.#
#####⌠.# #..# , * *
,##...##.# #..#
,#.⌠.⌠.#.####..###.#*
#..>..#.#...........
#.⌠.⌠w#.#########.##
* #...##.# *, *
#.⌠##J##⌠.#
#....♣..## #########
** * * * ,,,, ,* ** *
,* *


You could see a jelly.

Vanquished Creatures
  An adder (D:2)
  A worm (D:2)
  A giant cockroach (D:2)
  2 kobolds
  A ball python (D:2)
  A frilled lizard (D:2)
7 creatures vanquished.

Notes
Turn   | Place    | Note
-------+----------+-------------------------------------------
     0 | D:1      | FexLirch the Meteoran Earth Elementalist began the quest
                  | for the Orb.
     0 | D:1      | Reached XP level 1. HP: 14/14 MP: 5/5
   205 | D:2      | Reached XP level 2. HP: 11/20 MP: 2/6
   208 | D:2      | Learned a level 2 spell: Passwall
   288 | D:2      | Noticed a jelly
   299 | D:2      | Reached skill level 1 in Conjurations
   299 | D:2      | Reached skill level 4 in Earth Magic
   301 | D:2      | Reached XP level 3. HP: 3/26 MP: 4/8
   302 | D:2      | Splashed by a jelly's acid

Illustrated notes

Levels and vault maps discovered:
D:1:      onia_arrival_mini_maze, layout_basic,
          hellmonk_ecumenical_altar_arch_garden, serial_forest,
          infiniplex_forest_straight_2, infiniplex_forest_lined_room_3,
          infiniplex_forest_zigzag_1, infiniplex_forest_lined_corner,
          minmay_tetromino_t2
D:2:      layout_loops_ring, grunt_ministairs_11, kennysheep_generic_room_7

Skill      XL: |  1  2 |
---------------+-------+-----
Spellcasting   | 3 |  3.1
Conjurations   | 1 |  1.3
Earth Magic    | 4 |  4.0
Dodging        | |  2.4
Stealth        | |  1.4
Transmutations | |  1.2

Action                   || total
-------------------------++-------
Melee: Unarmed           ||     2
 Cast: Sandblast         ||    19
       Passwall          ||     1
  Use: Potion            ||     2
Armor: Robe              ||     4
       Skin              ||     4
Dodge: Dodged            ||    13
